 Dungeon Crawl Stone Soup version 0.24.0-37-gcf1ca852f1 (webtiles) character file.

Game seed: 13691852759072226944, levelgen mode: deterministic

6126 grindst0ne the Protected (level 11, -10/85 HPs)
             Began as a Human Artificer on Dec 4, 2019.
             Was an Elder of Okawaru.
             Killed themself with a badly aimed iceblast (14 damage)
             ... on level 7 of the Dungeon.
             The game lasted 00:20:06 (11198 turns).

grindst0ne the Protected (Human Artificer)         Turns: 11198, Time: 00:20:07

Health: -10/85     AC: 16    Str: 15    XL:     11   Next: 12%
Magic:  17/17      EV: 11    Int: 13    God:    Okawaru [****..]
Gold:   564        SH:  2    Dex: 13    Spells: 10/10 levels left

rFire    + . .     SeeInvis .   s - +2 falchion (holy)
rCold    . . .     Gourm    .   (no shield)
rNeg     . . .     Faith    .   a - +2 chain mail {rF+}
rPois    .         Spirit   .   (no helmet)
rElec    .         Reflect  +   (no cloak)
rCorr    .         Harm     .   (no gloves)
MR       .....                  z - +0 pair of boots
Stlth    ..........             x - +2 amulet of reflection
HPRegen  0.24/turn              (no ring)
MPRegen  0.15/turn              (no ring)

@: heroism
A: no striking features
a: Heroism, Renounce Religion


You were on level 7 of the Dungeon.
You worshipped Okawaru.
Okawaru was greatly pleased with you.
You were not hungry.

You visited 2 branches of the dungeon, and saw 10 of its levels.
You also visited: Ossuary.

You collected 564 gold pieces.

Inventory:

Hand Weapons
 s - a +2 falchion of holy wrath (weapon)
 N - a +0 battleaxe
Missiles
 q - 60 poisoned darts (quivered)
Armour
 a - a +2 chain mail of fire resistance (worn)
 m - a +0 plate armour
 o - a +0 leather armour of cold resistance
 w - a +0 buckler
 z - a +0 pair of boots (worn)
Jewellery
 x - a +2 amulet of reflection (around neck)
Wands
 b - a wand of scattershot (2)
 d - a wand of enslavement (15)
 e - a wand of random effects (9)
 y - a wand of iceblast (7)
Scrolls
 c - a scroll of identify
 h - 2 scrolls of vulnerability {unknown}
 k - a scroll of remove curse
 p - a scroll of teleportation
 F - a scroll of torment {unknown}
 J - a scroll of enchant weapon
 K - a scroll of enchant armour {unknown}
 L - 2 scrolls of immolation {unknown}
 M - a scroll of amnesia {unknown}
Potions
 g - a potion of berserk rage
 j - 2 potions of resistance
 l - 2 potions of agility
 r - 2 potions of haste {unknown}
 t - a potion of invisibility
 u - a potion of might {unknown}
 v - 4 potions of flight
 A - 2 potions of brilliance
 B - 2 potions of lignification {unknown}
 D - 2 potions of cancellation {unknown}
 E - 11 potions of degeneration
 I - a potion of ambrosia {unknown}
Comestibles
 f - 6 rations


   Skills:
 + Level 7.6(12.6) Fighting
   Level 1.0(6.0) Short Blades
 * Level 3.0(8.0) Axes
 * Level 9.3(14.3) Armour
 - Level 3.5(8.5) Dodging
 - Level 1.0(6.0) Stealth
 + Level 6.4 Invocations
 + Level 8.2 Evocations


You had 10 spell levels left.
You didn't know any spells.
Your spell library was empty.

Dungeon Overview and Level Annotations

Branches:
Dungeon (9/15)             Temple (1/1) D:6            Lair (0/6) D:8
    Orc (0/2) D:9         Ossuary (visited)

Altars:
Ashenzari
Cheibriados
Dithmenos
Elyvilon
Fedhas
Hepliaklqana
Kikubaaqudgha
Okawaru
Qazlal
Ru
Sif Muna
Trog
Xom
Zin

Shops:
D:4 }%

Annotations:
D:7 1 runed translucent door
D:8 3 runed translucent doors, Mesmaeker13's ghost, novice DECj
D:9 1 runed translucent door, Vuip's ghost, novice TrMo


Message History

The yak gores you.
* * * LOW HITPOINT WARNING * * *
You slash the yak!
The yak is almost dead.
The yak gores you!
* * * LOW HITPOINT WARNING * * *
Evoke which item? (* to show all) (? for menu, Esc to quit)
Okay, then.
You feel better. The yak gores you!
* * * LOW HITPOINT WARNING * * *
Evoke which item? (* to show all) (? for menu, Esc to quit)
Aiming: Random Effects
Press: ? - help, Shift-Dir - straight line, f/p - yak
Aim: a yak (almost dead)
The mass of ice explodes!
The iceblast engulfs the yak!!
You kill the yak!
Okawaru accepts your kill.
Your base Axes skill increases to level 3!
The iceblast engulfs you!
You die...

# #.####.. ... # # # # # #
#######################
................@.)...#######
#####################.#..Y..#
##.#..hh.# #..###h###
#..#....%# #.h'.p.%%#
##.####### ###


There were no monsters in sight!

Vanquished Creatures
  3 centaur skeletons (D:8)
  2 hellwings (D:8)
  Prince Ribbit (D:7)
  A meliai zombie (D:8)
  Sigmund (D:2)
  A yak (D:7)
  Eustachio (D:6)
  3 hogs (D:7)
  A human (D:7)
  A hungry ghost (D:7)
  A black bear (D:8)
  An orc warrior (D:9)
  An ice beast (D:7)
  An ogre (D:9)
  A phantom (D:4)
  A crocodile (D:9)
  3 elf zombies (Ossuary)
  6 bullfrogs
  A wyvern zombie (D:8)
  A water moccasin zombie (D:5)
  A wyvern skeleton (D:8)
  4 scorpions
  5 wights (D:8)
  3 howler monkeys
  2 crimson imps (D:7)
  4 centaur zombies
  3 hounds
  2 jellies
  3 orc priests
  7 orc wizards
  6 worker ants
  Natasha (thrice) (D:2)
  A big kobold zombie (Ossuary)
  2 hound zombies (Ossuary)
  A hound skeleton (D:9)
  3 mummies (Ossuary)
  5 gnolls
  A worker ant zombie (D:6)
  5 adders
  6 shadow imps
  An ooze (D:5)
  3 adder zombies
  5 worms
  2 dart slugs
  6 leopard geckos
  17 orcs
  2 ball pythons
  8 giant cockroaches
  8 goblins
  8 hobgoblins
  13 jackals
  5 quokkas
  A ball python skeleton (D:4)
  8 bats
  3 frilled lizards
  4 gnoll zombies
  3 goblin zombies (Ossuary)
  4 hobgoblin zombies (Ossuary)
  4 jackal zombies (Ossuary)
  3 kobolds
  7 kobold zombies (Ossuary)
  2 quokka zombies (Ossuary)
  5 rats
  3 rat zombies (Ossuary)
224 creatures vanquished.

Vanquished Creatures (others)
  A withered plant (D:8)
1 creature vanquished.

Grand Total: 225 creatures vanquished

Notes
Turn   | Place    | Note
-------+----------+-------------------------------------------
     0 | D:1      | grindst0ne the Human Artificer began the quest for the Orb.
     0 | D:1      | Reached XP level 1. HP: 15/15 MP: 3/3
   117 | D:1      | Reached XP level 2. HP: 18/21 MP: 4/4
   817 | D:2      | Found a blossoming altar of Fedhas.
   872 | D:2      | Reached XP level 3. HP: 27/27 MP: 5/5
   908 | D:2      | Noticed Sigmund
   911 | D:2      | Killed Sigmund
   911 | D:2      | Reached XP level 4. HP: 32/35 MP: 5/7
   911 | D:2      | Reached XP level 5. HP: 38/41 MP: 5/8
   912 | D:2      | Noticed Natasha
   913 | D:2      | Killed Natasha
   913 | D:2      | Reached XP level 6. HP: 44/47 MP: 5/9
   925 | D:2      | Found a glowing silver altar of Zin.
   929 | D:2      | Noticed Natasha
   930 | D:2      | Killed Natasha
  1172 | D:2      | Noticed Natasha
  1196 | D:2      | Killed Natasha
  1416 | D:2      | Found a shadowy altar of Dithmenos.
  2772 | D:4      | Found a white marble altar of Elyvilon.
  2784 | D:4      | Noticed a phantom
  2792 | D:4      | Killed a phantom
  2792 | D:4      | Reached skill level 1 in Armour
  2792 | D:4      | Reached skill level 5 in Evocations
  2792 | D:4      | Reached XP level 7. HP: 34/54 MP: 10/10
  3183 | D:4      | Found Gaponuck's Gadget Shoppe.
  3238 | D:4      | Found a stormy altar of Qazlal.
  3409 | D:4      | Reached skill level 2 in Armour
  3411 | D:4      | Found Setwoun's Food Emporium.
  3500 | D:4      | Found a sacrificial altar of Ru.
  3517 | D:4      | Found a hazy altar of Hepliaklqana.
  3858 | D:4      | Found a shimmering blue altar of Sif Muna.
  4091 | D:5      | Entered Level 5 of the Dungeon
  4617 | D:5      | Reached skill level 3 in Armour
  4896 | D:5      | Found a bloodstained altar of Trog.
  5544 | D:5      | Found an ancient bone altar of Kikubaaqudgha.
  5748 | D:6      | Found a staircase to the Ecumenical Temple.
  5757 | Temple   | Entered the Ecumenical Temple
  5811 | Temple   | Became a worshipper of Warmaster Okawaru
  5931 | D:6      | Reached XP level 8. HP: 31/61 MP: 12/12
  6056 | D:6      | Noticed Eustachio
  6063 | D:6      | Killed Eustachio
  6063 | D:6      | Reached skill level 1 in Invocations
  6071 | D:6      | Reached skill level 4 in Armour
  6097 | D:6      | Reached skill level 5 in Fighting
  6414 | D:6      | You fall into a shaft and drop 3 floors!
  6564 | D:9      | Reached * piety under Okawaru
  6653 | D:9      | Reached skill level 5 in Armour
  6817 | D:8      | Found a snail-covered altar of Cheibriados.
  6873 | D:8      | Noticed a hellwing
  6874 | D:8      | Noticed a hellwing
  6901 | D:8      | Killed a hellwing
  6901 | D:8      | Reached XP level 9. HP: 19/68 MP: 10/13
  6902 | D:8      | Killed a hellwing
  6902 | D:8      | Reached ** piety under Okawaru
  6902 | D:8      | Reached skill level 6 in Armour
  7091 | D:8      | Found a sand-covered staircase.
  7286 | D:8      | Reached skill level 7 in Armour
  7301 | Ossuary  | Entered an ossuary
  7704 | Ossuary  | Reached XP level 10. HP: 41/77 MP: 15/15
  7986 | Ossuary  | Reached *** piety under Okawaru
  8172 | D:8      | Reached skill level 5 in Invocations
  8217 | D:8      | Reached skill level 8 in Armour
  8428 | D:8      | Found a staircase to the Lair.
  8982 | D:8      | Found a runed translucent gate.
  8987 | D:8      | Found a runed translucent gate.
  8989 | D:8      | Found a runed translucent gate.
  8990 | D:8      | Noticed Mesmaeker13's ghost (novice DECj)
  9621 | D:9      | Reached **** piety under Okawaru
  9866 | D:9      | Found a runed translucent door.
  9866 | D:9      | Found a shimmering altar of Xom.
  9866 | D:9      | Noticed a +0 quarterstaff of chaos
  9866 | D:9      | Noticed Vuip's ghost (novice TrMo)
 10171 | D:9      | Found a staircase to the Orcish Mines.
 10294 | D:7      | Noticed Prince Ribbit
 10317 | D:7      | Killed Prince Ribbit
 10559 | D:7      | Reached skill level 1 in Axes
 10708 | D:7      | Reached skill level 9 in Armour
 11062 | D:7      | Noticed an angel
 11063 | D:7      | Found a white marble altar of Elyvilon.
 11064 | D:7      | Found a runed translucent door.
 11160 | D:7      | Reached XP level 11. HP: 63/84 MP: 17/17
 11196 | D:7      | HP: 4/84 [yak (10)]
 11198 | D:7      | Killed themself with a badly aimed iceblast

Levels and vault maps discovered:
D:1:      eino_arrival_cavern_a, layout_basic, serial_curves, eino_curves_04,
          eino_curves_01, serial_bayou_lagoon_a
D:2:      layout_loops_ring, lemuel_doored_altar,
          nicolae_overflow_hidden_temple, fedhas_altar_2, uniq_sigmund,
          uniq_natasha
D:3:      layout_basic, kennysheep_generic_room_13
D:4:      layout_loops_ring, lemuel_round_altar, nicolae_ru_path_of_blood,
          elyvilon_altar_3, overflow_temple_1_default, marbit_many_paths,
          serial_shops, nicolae_shop_statue_plus, nicolae_shop_statue_plus
D:5:      layout_loops_corners, lemuel_coloured_pillars_altar,
          kennysheep_little_box, first_ration
D:6:      layout_cave_pools, minmay_temple_entry_statues_pillars, uniq_eustachio
D:7:      layout_basic, old_standard_altar, serial_rivers,
          chequers_serial_rivers_large_a, chequers_serial_rivers_micro_a,
          chequers_serial_rivers_micro_b, chequers_serial_rivers_small_b,
          chequers_serial_rivers_large_b, grunt_livestock, lemuel_angel_altar,
          uniq_prince_ribbit1
D:8:      cheibrodos_grave_circle, layout_rooms, slow_altar_1,
          dpeg_oklobed_lair, enter_ossuary_3, gammafunk_ghost_necromancy,
          hex_tiny
D:9:      layout_basic, orc_0_dummy, ebering_ghost_xom, enter_bailey_7
Temple:   minmay_temple_curvy_loop

Skill      XL: |  1  2  3  4  5  6  7  8  9 10 11 |
---------------+----------------------------------+-----
Fighting       | 3 4 5 6 7 |  7.6
Dodging        | 3 |  3.5
Evocations     | 4 5 6 7 8 |  8.2
Armour         | 1 3 5 7 9 |  9.3
Invocations    | 3 4 6 |  6.4
Axes           | 2 3 |  3.0
Short Blades   | |  1.0
Stealth        | |  1.0

Action                   |  1- 3 |  4- 6 |  7- 9 | 10-12 || total
-------------------------+-------+-------+-------+-------++-------
Melee: Short sword       |    92 |   264 |   119 |       ||   475
       Falchion          |       |       |   258 |   405 ||   663
       Punch             |       |       |       |     1 ||     1
Throw: Dart              |       |     6 |       |     1 ||     7
Invok: Heroism           |       |       |     1 |     1 ||     2
Evoke: Wand              |     2 |    13 |    21 |    12 ||    48
  Use: Scroll            |       |     7 |     8 |       ||    15
       Potion            |       |       |     2 |     1 ||     3
 Stab: Sleeping          |     2 |       |     1 |       ||     3
  Eat: Chunk             |       |     7 |     8 |     9 ||    24
       Ration            |       |       |     2 |     2 ||     4
Armor: Leather armour    |    27 |     3 |    22 |       ||    52
       Scale mail        |     8 |   111 |   142 |   142 ||   403
       Chain mail        |       |       |       |   122 ||   122
Dodge: Dodged            |    62 |   148 |   242 |   222 ||   674
Block: Other             |       |       |    17 |    21 ||    38
       Rpst.: Falchion   |       |       |    51 |    67 ||   118
